 Dungeon Crawl Stone Soup version 0.21-a0-297-ga3d34c2 (webtiles) character file.

43733 nikopol the Archer (level 13, -11/183 HPs)
             Began as a Minotaur Berserker on Sept 27, 2017.
             Was a High Priest of Trog.
             Mangled by an entropy weaver
             ... wielding a +0 battleaxe
              (12 damage)
             ... on level 6 of the Lair of Beasts on Sept 28, 2017.
             The game lasted 00:49:04 (18594 turns).

nikopol the Archer (Minotaur Berserker)            Turns: 18594, Time: 00:49:05

Health: -11/183    AC: 10    Str: 28    XL:     13   Next: 92%
Magic:  12/12      EV: 12    Int:  4    God:    Trog [*****.]
Gold:   1113       SH:  0    Dex: 14    Spells: 12/12 levels left

rFire    . . .     SeeInvis .   a - +1 battleaxe (elec)
rCold    + . .     Gourm    .   (shield currently unavailable)
rNeg     . . .     Faith    .   u - +4 chain mail {rPois}
rPois    +         Spirit   .   (helmet restricted)
rElec    .         Reflect  .   J - +0 cloak
rCorr    .         Harm     .   (no gloves)
MR       .....                  v - +2 pair of boots {Fly}
Stlth    ..........             (no amulet)
HPRegen  0.40/turn              R - +1 ring of protection
MPRegen  0.13/turn              V - ring of protection from cold

@: berserking, lethally poisoned (-11 -> -16), corroded, very quick
A: retaliatory headbutt, horns 2
a: Berserk, Trog's Hand, Brothers in Arms, Burn Spellbooks, Renounce Religion,
Evoke Flight


You were on level 6 of the Lair of Beasts.
You worshipped Trog.
Trog was extremely pleased with you.
You were hungry.

You visited 2 branches of the dungeon, and saw 17 of its levels.

You collected 1113 gold pieces.

Inventory:

Hand Weapons
 a - a +1 battleaxe of electrocution (weapon)
 o - a +2 longbow of flaming
 z - a +2 shortbow of freezing
 C - a +1 war axe of flaming
Missiles
 d - 171 arrows (quivered)
Armour
 u - a +4 chain mail of poison resistance (worn)
 v - a +2 pair of boots of flying (worn)
 J - a +0 cloak (worn)
Jewellery
 R - a +1 ring of protection (left hand)
 V - a ring of protection from cold (right hand)
Wands
 I - a wand of confusion (31/48)
 Q - a wand of digging (7/24)
Scrolls
 e - 9 scrolls of teleportation
 i - 2 scrolls of blinking {unknown}
 n - 3 scrolls of fear {unknown}
 p - 8 scrolls of remove curse
 q - 3 scrolls of amnesia {unknown}
 x - 3 scrolls of enchant weapon {unknown}
 y - 2 scrolls of fog {unknown}
 A - 4 scrolls of recharging {unknown}
 G - 7 scrolls of magic mapping {unknown}
 K - a scroll of noise {unknown}
 L - 3 scrolls of random uselessness {unknown}
 M - a scroll of vulnerability {unknown}
 N - 2 scrolls of enchant armour {unknown}
 O - 2 scrolls of brand weapon {unknown}
 S - a scroll of immolation {unknown}
 U - a scroll of identify
Potions
 b - a potion of might
 g - 3 potions of agility
 j - 11 potions of heal wounds
 k - 2 potions of haste
 l - 9 potions of curing
 m - 3 potions of ambrosia
 r - 4 potions of brilliance
 s - 3 potions of invisibility
 w - a potion of degeneration {unknown}
 B - a potion of magic {unknown}
 D - a potion of resistance {unknown}
 E - 2 potions of flight
 F - a potion of berserk rage {unknown}
 T - a potion of mutation {unknown}
Comestibles
 c - 13 bread rations
 f - 5 fruits
 h - 5 meat rations
 t - 16 royal jellies
 H - 6 chunks of flesh


   Skills:
 + Level 13.5 Fighting
 + Level 14.4 Axes
 + Level 14.6 Bows
 + Level 11.9 Armour
 + Level 6.5 Dodging
 + Level 1.5 Stealth


You had 12 spell levels left.
You didn't know any spells.

Dungeon Overview and Level Annotations

Branches:
Dungeon (11/15)            Temple (0/1) D:7            Lair (6/6) D:9
  Swamp (0/4) Lair:4       Spider (0/4) Lair:2          Orc (0/2) D:9
  Slime: Lair:5-6

Altars:
Ashenzari
Cheibriados
Elyvilon
Fedhas
Gozag
Kikubaaqudgha
Makhleb
Nemelex Xobeh
Okawaru
Qazlal
Trog
Vehumet
Xom
The Shining One

Shops:
D:4 [   D:5 }(

Annotations:
D:7 exclusion: oklob plant


Innate Abilities, Weirdness & Mutations

You reflexively headbutt those who attack you in melee.
You have a pair of horns on your head.


Message History

A red film seems to cover your vision as you go berserk!
You feel yourself moving faster!
You feel mighty!
You are feeling hungry.
* * * LOW HITPOINT WARNING * * *
You feel sick.
The wyvern bites you but does no damage.
The entropy weaver gestures wildly while chanting.
The entropic weave corrodes you!
You slash the entropy weaver!
Lightning courses through the entropy weaver!
The entropy weaver is severely wounded.
You hit the wyvern.
You kill the wyvern!
Trog accepts your kill.
* * * LOW HITPOINT WARNING * * *
You feel sick.
The entropy weaver hits you with a battleaxe.
* * * LOW HITPOINT WARNING * * *
The entropy weaver hits you with a battleaxe!
You die...

..#...........##.......##......#.
...P.P#.#.P.####..............P..
#.....###...#.#..................
.....#..P.............#P.#.......
P..............#P...(P###....#.#.
##........#...P###..####....#..P.
P##.###..#.....###...##P.........
. ### ##..#....#.(...####...###P.
#..#...†.@...PP#P#...# #P
#.##...#Fa.....PPP#### #
#.##...(..(......##
##..#.....(.##....#
#....#.##...##....#
##.#.(.#(.PP.##....# ..
###.(#.....##...# ...
#((##P....##... .. #((a.###.....#


You could see an entropy weaver and a spiny frog.

Vanquished Creatures
  An entropy weaver (Lair:6)
  Erica (D:8)
  7 hydras
  A two-headed ogre (D:9)
  A death yak (Lair:6)
  The ghost of Leszczynek the Grappler, a novice TrSk of Elyvilon (D:10)
  Nergalle (Lair:4)
  Sonja (Lair:4)
  2 ugly things (D:11)
  A wolf spider (Lair:6)
  A cyclops (D:11)
  A manticore (D:11)
  Joseph (D:8)
  8 black mambas
  3 elephants (Lair:4)
  Psyche (D:8)
  2 torpor snails (Lair:6)
  14 spiny frogs
  A kobold demonologist (D:11)
  8 komodo dragons
  A polar bear (Lair:3)
  A tyrant leech (Lair:6)
  A jumping spider (Lair:2)
  2 hornets (Lair:6)
  11 blink frogs
  7 dream sheep
  9 hippogriffs
  A shadow (D:11)
  Sigmund (D:3)
  A spriggan (Lair:3)
  A redback (Lair:6)
  3 wraiths
  3 hogs (D:7)
  A human (D:7)
  8 yaks
  9 wyverns
  A steam dragon (Lair:4)
  A basilisk (Lair:5)
  A hungry ghost (D:8)
  4 swamp worms (Lair:4)
  13 soldier ants
  18 water moccasins
  5 porcupines
  7 orc warriors
  A black bear (Lair:3)
  3 sky beasts
  3 ogres
  An ice beast (D:6)
  A phantom (D:8)
  7 wolves
  4 centaurs
  12 crocodiles
  A big kobold (D:7)
  13 bullfrogs
  9 killer bees
  2 scorpions
  An electric eel (Lair:4)
  2 howler monkeys
  2 wights (D:9)
  A crimson imp (D:5)
  2 bullfrog zombies
  3 centaur zombies
  A quasit (D:6)
  2 hounds
  A gnoll shaman (D:6)
  10 orc priests
  4 human zombies (D:9)
  3 jellies (D:6)
  11 orc wizards
  2 centaur skeletons
  5 iguanas
  10 worker ants
  An ogre skeleton (D:9)
  A hound zombie (D:5)
  2 hound skeletons (D:10)
  2 mummies (D:9)
  2 worker ant zombies
  A howler monkey zombie (D:5)
  10 gnolls
  16 adders
  A shadow imp (D:11)
  An ooze (D:5)
  2 worms
  4 dart slugs
  5 leopard geckos
  65 orcs
  8 giant cockroaches
  4 goblins
  3 hobgoblins (D:3)
  9 jackals
  5 quokkas
  2 ball pythons
  A ball python skeleton (D:6)
  8 bats
  A frilled lizard (D:1)
  A jackal zombie (D:8)
  18 kobolds
  An orc zombie (D:9)
  A quokka skeleton (D:5)
  4 rats (D:1)
  3 fungi
  5 plants
471 creatures vanquished.

Vanquished Creatures (others)
  A gnoll (D:3)
  28 fungi
  48 plants
77 creatures vanquished.

Grand Total: 548 creatures vanquished

Notes
Turn   | Place    | Note
-------+----------+-------------------------------------------
     0 | D:1      | nikopol the Minotaur Berserker began the quest for the Orb.
     0 | D:1      | Reached XP level 1. HP: 19/19 MP: 0/0
   246 | D:1      | Reached XP level 2. HP: 21/27 MP: 1/1
   834 | D:2      | Found a radiant altar of Vehumet.
   959 | D:2      | Found a blossoming altar of Fedhas.
  1037 | D:2      | Found a shimmering altar of Xom.
  1037 | D:2      | Found an iron altar of Okawaru.
  1037 | D:2      | Found a sparkling altar of Nemelex Xobeh.
  1039 | D:2      | Found a shattered altar of Ashenzari.
  1039 | D:2      | Found a snail-covered altar of Cheibriados.
  1040 | D:2      | Found an ancient bone altar of Kikubaaqudgha.
  1301 | D:2      | Found a stormy altar of Qazlal.
  1302 | D:2      | Found an opulent altar of Gozag.
  1519 | D:3      | Found a glowing golden altar of the Shining One.
  1584 | D:3      | Reached ** piety under Trog
  1587 | D:3      | Reached XP level 3. HP: 29/33 MP: 2/2
  1780 | D:3      | Reached XP level 4. HP: 21/41 MP: 3/3
  2293 | D:3      | Reached skill level 5 in Axes
  2401 | D:3      | Reached skill level 5 in Fighting
  2403 | D:3      | Reached XP level 5. HP: 31/48 MP: 4/4
  2669 | D:3      | Noticed Sigmund
  2686 | D:3      | Killed Sigmund
  2686 | D:3      | Reached XP level 6. HP: 56/56 MP: 5/5
  2780 | D:4      | Reached *** piety under Trog
  2795 | D:4      | Reached skill level 1 in Stealth
  3440 | D:4      | Reached XP level 7. HP: 24/62 MP: 6/6
  3738 | D:4      | Found a white marble altar of Elyvilon.
  3766 | D:4      | Found Satrexor's Armour Emporium.
  4069 | D:5      | Entered Level 5 of the Dungeon
  4205 | D:5      | Reached XP level 8. HP: 49/70 MP: 7/7
  4285 | D:5      | Found Vusub's Weapon Shop.
  4302 | D:5      | Found Biquseer's Gadget Shoppe.
  4449 | D:5      | Reached skill level 1 in Bows
  4577 | D:6      | Found a burning altar of Makhleb.
  4673 | D:6      | Reached skill level 5 in Dodging
  4900 | D:6      | Reached skill level 5 in Armour
  4942 | D:6      | Reached **** piety under Trog
  5108 | D:6      | Reached skill level 5 in Bows
  5631 | D:7      | Found a blossoming altar of Fedhas.
  5631 | D:7      | Noticed an oklob plant
  5689 | D:7      | Found a staircase to the Ecumenical Temple.
  5708 | D:7      | Reached XP level 9. HP: 78/78 MP: 8/8
  6294 | D:7      | Reached ***** piety under Trog
  7267 | D:8      | Noticed Joseph
  7298 | D:8      | Killed Joseph
  7571 | D:8      | Noticed Erica
  7589 | D:8      | Killed Erica
  7589 | D:8      | Reached XP level 10. HP: 80/88 MP: 9/9
  7681 | D:8      | Received a gift from Trog
  7862 | D:8      | Found a bloodstained altar of Trog.
  8232 | D:8      | Reached skill level 10 in Axes
  8373 | D:8      | Noticed Psyche
  8376 | D:8      | Killed Psyche
  8376 | D:8      | Reached skill level 10 in Bows
  8491 | D:9      | Noticed a two-headed ogre
  8502 | D:9      | Killed a two-headed ogre
  8778 | D:9      | Found a staircase to the Orcish Mines.
  8970 | D:9      | Found an ancient bone altar of Kikubaaqudgha.
  9048 | D:9      | Found a staircase to the Lair.
  9661 | D:9      | Received a gift from Trog
  9783 | D:10     | Entered Level 10 of the Dungeon
 10078 | D:10     | Reached XP level 11. HP: 83/97 MP: 10/10
 10202 | D:10     | Noticed Leszczynek's ghost (novice TrSk)
 10216 | D:10     | Killed Leszczynek's ghost
 10538 | D:10     | Received a gift from Trog
 10653 | D:11     | Noticed a green ugly thing
 10664 | D:11     | Killed a green ugly thing
 10871 | D:11     | Received a gift from Trog
 11361 | D:11     | Noticed a white ugly thing
 11371 | D:11     | Killed a white ugly thing
 11394 | D:11     | Reached skill level 10 in Fighting
 11769 | D:11     | Received a gift from Trog
 11943 | Lair:1   | Entered Level 1 of the Lair of Beasts
 12224 | Lair:1   | Noticed an eight-headed hydra
 12233 | Lair:1   | Killed an eight-headed hydra
 12457 | Lair:2   | Noticed a four-headed hydra
 12466 | Lair:2   | Killed a one-headed hydra
 12496 | Lair:2   | Reached XP level 12. HP: 34/107 MP: 11/11
 13048 | Lair:2   | Found a hole to the Spider Nest.
 13156 | Lair:2   | Received a gift from Trog
 13908 | Lair:3   | Noticed an eight-headed hydra
 13915 | Lair:3   | Killed an eight-headed hydra
 13991 | Lair:3   | Received a gift from Trog
 14099 | Lair:3   | Noticed a seven-headed hydra
 14109 | Lair:3   | Killed a three-headed hydra
 14109 | Lair:3   | Reached skill level 10 in Armour
 14633 | Lair:3   | Received a gift from Trog
 15335 | Lair:4   | Noticed a six-headed hydra
 15343 | Lair:4   | Killed a six-headed hydra
 15405 | Lair:4   | Noticed a four-headed hydra
 15418 | Lair:4   | Killed a one-headed hydra
 15438 | Lair:4   | Found a staircase to the Swamp.
 15686 | Lair:4   | Noticed Sonja
 15691 | Lair:4   | Killed Sonja
 15691 | Lair:4   | Reached XP level 13. HP: 118/118 MP: 12/12
 15731 | Lair:4   | Noticed Nergalle
 15746 | Lair:4   | Killed Nergalle
 16917 | Lair:6   | Entered Level 6 of the Lair of Beasts
 16929 | Lair:6   | Received a gift from Trog
 17100 | Lair:6   | Upgraded the game from 0.21-a0-286-g6fcecc0 to 0.21-a0-297-ga3d34c2
 17611 | Lair:6   | Noticed an entropy weaver
 17639 | Lair:6   | Killed an entropy weaver
 18567 | Lair:6   | Noticed an entropy weaver
 18592 | Lair:6   | HP: 3/122 [entropy weaver/battleaxe (13)]
 18594 | Lair:6   | HP: 1/183 [entropy weaver/battleaxe (2)]
 18594 | Lair:6   | Mangled by an entropy weaver

Vault maps used:
D:1:      scummos_arrival_hexagon, roderic_lattice_a, interstate_on_off,
          lemuel_old_faithful
D:2:      grunt_temple_overflow_open, vehumet_crystals,
          gammafunk_temple_overflow_pools, serial_bayou_pond_d, hex_tiny
D:3:      nicolae_tso_swordbearing_angel, uniq_sigmund
D:4:      first_bread, serial_shops, nicolae_shop_waterfront, elyvilon_altar_5
D:5:      serial_shops, shop, shop
D:6:      lemuel_crystal_altar
D:7:      minmay_temple_entry_mist, grunt_livestock, tgw_fedhas
D:8:      overflow_temple_1_default, uniq_psyche, uniq_erica, uniq_joseph
D:9:      lair_entry_dummy, hiddenorc2_lemuel,
          lemuel_mausoleum_altar_kikubaaqudgha
Lair:2:   spider_nest_entry_rubble, bh_autumn_forest_stairs
Lair:3:   forest_entry_grove
Lair:4:   nicolae_swamp_entry_splash_gauntlet, grunt_megastairs_3,
          infiniplex_staircase_pool, uniq_sonja, uniq_nergalle
Lair:5:   minivault_23, serial_bayou_pond_c
Lair:6:   hangedman_lair_tendril_chambers, wormcave,
          minmay_slime_entry_oklob_open, zaba_anthell

Skill      XL: |  1  2  3  4  5  6  7  8  9 10 11 12 13 |
---------------+----------------------------------------+-----
Fighting       | 4 5 6 8 9 10 12 13 | 13.5
Axes           | 4 5 6 7 8 9 10 12 13 14 | 14.4
Dodging        | 3 4 5 6 |  6.5
Stealth        | 1 |  1.5
Armour         | 4 5 6 8 9 10 11 | 11.9
Bows           | 5 9 10 12 13 14 | 14.6

Action                   |  1- 3 |  4- 6 |  7- 9 | 10-12 | 13-15 || total
-------------------------+-------+-------+-------+-------+-------++-------
Melee: Hand axe          |    56 |    93 |   142 |    78 |       ||   369
       Headbutt          |     5 |    18 |    33 |    83 |    34 ||   173
       War axe           |       |       |       |   310 |   137 ||   447
       Battleaxe         |       |       |       |       |    32 ||    32
 Fire: Shortbow          |       |       |   194 |   510 |   217 ||   921
Invok: Berserk           |     1 |     3 |     1 |     5 |     3 ||    13
       Burn Spellbooks   |       |       |     2 |       |     1 ||     3
 Abil: Stop Flying       |       |       |     1 |       |       ||     1
  Use: Scroll            |       |       |       |    10 |     4 ||    14
  Eat: Chunk             |     3 |     9 |    10 |    24 |    10 ||    56
       Meat ration       |       |       |     1 |     1 |       ||     2
       Fruit             |       |       |       |     1 |     1 ||     2
Armor: Animal skin       |    10 |     1 |       |       |       ||    11
       Steam dragon scal |       |    14 |       |       |       ||    14
       Chain mail        |       |    14 |    73 |   202 |   158 ||   447
Dodge: Dodged            |    50 |    76 |    65 |   205 |   145 ||   541

Table legend:
 A = Spawn XP
 B = Non-spawn XP
 C = Spawn XP percentage of total XP
 D = Spawn monster count
 E = Non-spawn monster count
 F = Spawn count percentage of total count
 G = Total turns spent on level
                    A         B        C        D         E        F      G
               +---------+---------+-------+---------+---------+-------+---------
         Total |       0 |   62476 |   0.0 |       0 |     464 |   0.0 | 18594
               +---------+---------+-------+---------+---------+-------+---------
           D:1 |       0 |      20 |   0.0 |       0 |      15 |   0.0 |   795
           D:2 |       0 |      14 |   0.0 |       0 |       8 |   0.0 |   904
           D:3 |       0 |     444 |   0.0 |       0 |      37 |   0.0 |  1130
           D:4 |       0 |     588 |   0.0 |       0 |      27 |   0.0 |  1303
           D:5 |       0 |     787 |   0.0 |       0 |      16 |   0.0 |   524
           D:6 |       0 |     825 |   0.0 |       0 |      26 |   0.0 |   943
           D:7 |       0 |    1686 |   0.0 |       0 |      29 |   0.0 |  1654
           D:8 |       0 |    3630 |   0.0 |       0 |      32 |   0.0 |  1229
           D:9 |       0 |    2495 |   0.0 |       0 |      55 |   0.0 |  1356
          D:10 |       0 |    1621 |   0.0 |       0 |      24 |   0.0 |   841
          D:11 |       0 |    4976 |   0.0 |       0 |      35 |   0.0 |  1264
        Lair:1 |       0 |    2650 |   0.0 |       0 |       7 |   0.0 |   460
        Lair:2 |       0 |    5786 |   0.0 |       0 |      21 |   0.0 |  1355
        Lair:3 |       0 |    7569 |   0.0 |       0 |      28 |   0.0 |  1365
        Lair:4 |       0 |    9475 |   0.0 |       0 |      31 |   0.0 |  1188
        Lair:5 |       0 |    2734 |   0.0 |       0 |      14 |   0.0 |  1363
        Lair:6 |       0 |   17176 |   0.0 |       0 |      59 |   0.0 |   920
               +---------+---------+-------+---------+---------+-------+---------
